 Dungeon Crawl Stone Soup version 0.30-a0-629-gd54f4be4f7 (webtiles) character file.

Game seed: 9039302181744542371

61 Newt the Trooper (level 3, -3/29 HPs)
             Began as a Demonspawn Gladiator on Jan 12, 2023.
             Slain by a gnoll
             ... wielding a +0 halberd
              (11 damage)
             ... on level 2 of the Dungeon.
             The game lasted 00:01:22 (1586 turns).

Newt the Trooper (Demonspawn Gladiator)             Turns: 1586, Time: 00:01:23

Health: -3/29      AC:  5    Str: 16    XL:     3   Next: 83%
Magic:  3/3        EV: 12    Int:  9    God:
Gold:   15         SH:  0    Dex: 14    Spells: 2/2 levels left

rFire   . . .      SeeInvis .    j - +1 dagger (venom)
rCold   . . .      Faith    .    (no shield)
rNeg    . . .      Spirit   .    b - +0 leather armour
rPois   .          Reflect  .    c - +0 helmet
rElec   .          Harm     .    (no cloak)
rCorr   .          Rampage  .    k - +0 pair of gloves
Will    .....                    (no boots)
Stlth   ++                       (no amulet)
HPRegen 0.24/turn                (no ring)
MPRegen 0.08/turn                (no ring)

@: no status effects
A: demonic magic 1
a: no special abilities


You were on level 2 of the Dungeon.
You visited 1 branch of the dungeon, and saw 2 of its levels.

You collected 59 gold pieces.
You spent 44 gold pieces at shops.

Inventory:

Hand Weapons
 a - a +0 rapier
 j - a +1 dagger of venom (weapon)
Missiles
 d - a throwing net (quivered)
Armour
 b - a +0 leather armour (worn)
 c - a +0 helmet (worn)
 k - a +0 pair of gloves (worn)
Potions
 g - 3 potions of magic
 h - a potion of curing
 i - a potion of berserk rage
 l - a potion of invisibility


   Skills:
 + Level 3.5 Fighting
 - Level 2.6 Short Blades
 - Level 1.7 Throwing
 - Level 2.6 Dodging
 - Level 2.0 Stealth


You had 2 spell levels left.
You didn't know any spells.
Your spell library contained the following spells:

 Spells                   Type           Power      Damage    Failure   Level
 Cigotuvi's Dreadful Rot  Necr/Pois/Air  0%         N/A       58%         2
 Poisonous Vapours        Pois/Air       0%         N/A       58%         2
 Mephitic Cloud           Conj/Pois/Air  0%         N/A       83%         3


Dungeon Overview and Level Annotations

Branches:
Dungeon (2/15)

Altars:

Shops:
D:1 ?


Innate Abilities, Weirdness & Mutations

Spells you cast may paralyse adjacent enemies.


Message History

Throw: javelin
Press: ? - help, Shift-Dir - straight line You throw a javelin.
The javelin pierces through the gnoll.
The gnoll is moderately wounded.
The javelin closely misses the gnoll.
The javelin pierces through the gnoll.
The gnoll is lightly wounded.
The gnoll barely misses you.
The gnoll hits you from afar with a +0 spear.
* * * LOW HITPOINT WARNING * * *
There is a stone staircase leading up here.
The gnoll hits you from afar with a +0 spear.
* * * LOW HITPOINT WARNING * * *
You climb upwards.
There is a stone staircase leading down here.
You start resting.
HP restored.
You start waiting.
Done waiting.
You start waiting.
Done waiting.
You climb downwards.
The gnoll closely misses you.
The gnoll hits you from afar with a +0 halberd.
There is a stone staircase leading up here.
You hit the gnoll.
The gnoll is poisoned.
The gnoll is lightly wounded.
The gnoll hits you but does no damage. The gnoll closely misses you.
You barely miss the gnoll.
The gnoll is moderately wounded.
The gnoll hits you with a +0 spear. The gnoll barely misses you.
You closely miss the gnoll.
The gnoll is moderately wounded.
The gnoll hits you with a +0 spear.
The gnoll hits you from afar with a +0 halberd!
You closely miss the gnoll.
The gnoll is moderately wounded.
The gnoll hits you with a +0 spear. The gnoll closely misses you.
The gnoll hits you with a +0 spear.
* * * LOW HITPOINT WARNING * * *
The gnoll hits you from afar with a +0 halberd!
You die...

.........#
........(#
########.# #.# #.#
#.# ###### #.#
.....# #g# ###
####.# #.# #@# #.#
#g# #g# #.# #.#
#g#
#.###.#######g#
#.......g.g...#
########.#########
.........#
########.# ###


You could see 3 gnolls.

Vanquished Creatures
  A gnoll (D:2)
  An adder (D:2)
  A worm (D:2)
  3 dart slugs (D:1)
  2 bats (D:1)
  4 endoplasms (D:1)
  3 giant cockroaches
  3 goblins (D:1)
  A hobgoblin (D:1)
  3 jackals (D:1)
  A kobold (D:2)
  2 quokkas (D:1)
  A ball python (D:1)
  3 frilled lizards (D:1)
  4 rats (D:1)
33 creatures vanquished.

Notes
Turn   | Place    | Note
-------+----------+-------------------------------------------
     0 | D:1      | Newt the Demonspawn Gladiator began the quest for the Orb.
     0 | D:1      | Reached XP level 1. HP: 16/16 MP: 1/1
    94 | D:1      | Reached skill level 1 in Stealth
   187 | D:1      | Gained mutation: Spells you cast may paralyse adjacent
                  | enemies. [demonic ancestry]
   187 | D:1      | Reached XP level 2. HP: 17/22 MP: 2/2
   635 | D:1      | Found Suejiocs's Magic Scroll Boutique.
   678 | D:1      | Bought a scroll of identify for 22 gold pieces
   678 | D:1      | Bought a scroll of identify for 22 gold pieces
   729 | D:1      | Reached XP level 3. HP: 28/28 MP: 3/3
  1153 | D:2      | Reached skill level 3 in Fighting
  1586 | D:2      | Slain by a gnoll

Illustrated notes

Levels and vault maps discovered:
D:1:      heliophobic_arrival_ceremonial_halls, layout_loops_corners,
          serial_shops, shop_scrolls
D:2:      layout_basic, kennysheep_potato, uniq_crazy_yiuf_cottage

Skill      XL: |  1  2  3 |
---------------+----------+-----
Stealth        | 1 2 |  2.0
Fighting       | 3 |  3.5
Short Blades   | |  2.6
Throwing       | |  1.7
Dodging        | |  2.6

Action                   || total
-------------------------++-------
Melee: Rapier            ||    77
       Dagger            ||    49
       Punch             ||     1
Throw: Throwing net      ||     2
       Javelin           ||     1
  Use: Scroll            ||     4
       Potion            ||     1
 Stab: Sleeping          ||     4
Armor: Leather armour    ||    43
Dodge: Dodged            ||    80

Table legend: (Time is in decaauts)
 A = Elapsed time spent in this place.
 B = Non-inter-level travel time spent in this place.
 C = Inter-level travel time spent in this place.
 D = Time resting spent in this place.
 E = Time spent auto-exploring this place.
 F = Levels seen in this place.
 G = Mean time per level.
                   A        B        C        D        E       F      G
               +--------+--------+--------+--------+--------+-----+--------+
         Total |   1585 |   1548 |     37 |    289 |    941 |   2 |  792.5 |
       Dungeon |   1585 |   1548 |     37 |    289 |    941 |   2 |  792.5 |
               +--------+--------+--------+--------+--------+-----+--------+

Top non-repeatable levels by time:
     D:1: 1363 daAuts
     D:2: 221 daAuts
